 Dungeon Crawl Stone Soup version 0.31.0-11-ge490571c62 (webtiles) character file.

Game seed: 1259183755634553682

18903 falawelle the Fighter (level 12, -6/113 HPs)
             Began as a Minotaur Berserker on Feb 4, 2024.
             Was a Believer of Trog.
             Mangled by a white ugly thing (21 damage)
             ... on level 11 of the Dungeon.
             The game lasted 00:41:45 (14284 turns).

falawelle the Fighter (Minotaur Berserker)         Turns: 14284, Time: 00:41:48

Health: -6/113     AC:  4    Str: 24    XL:     12   Next: 31%
Magic:  11/11      EV: 18    Int:  6    God:    Trog [**....]
Gold:   646        SH:  8    Dex: 11    Spells: 11/11 levels left

rFire   . . .        D - +3 war axe
rCold   . . .        f - +1 kite shield
rNeg    . . .        n - +2 scale mail {rPois}
rPois   +            (helmet restricted)
rElec   .            (no cloak)
rCorr   +            (no gloves)
SInv    .            o - +0 pair of boots
Will    .....        (no amulet) Stlth
                     K - ring of resist corrosion
HPRegen 0.38/turn    p - +5 ring of evasion
MPRegen 0.12/turn

%: no passive effects
@: corroded, on berserk cooldown, slowed, very slow
A: horns 2, retaliatory headbutt
a: Renounce Religion, Berserk, Trog's Hand


You were on level 11 of the Dungeon.
You worshipped Trog.
Trog was pleased with you.
You visited 1 branch of the dungeon, and saw 11 of its levels.

You collected 646 gold pieces.

Inventory:

Hand Weapons
 m - a +0 mace
 D - a +3 war axe (weapon)
 G - a +4 battleaxe of freezing
Missiles
 g - 2 throwing nets (quivered)
 v - 5 javelins
Armour
 f - a +1 kite shield (worn)
 n - a +2 scale mail of poison resistance (worn)
 o - a +0 pair of boots (worn)
 E - a +0 plate armour
 J - a +0 pair of gloves
Jewellery
 p - a +5 ring of evasion (right hand)
 s - a +4 ring of protection
 K - a ring of resist corrosion (left hand)
Wands
 h - a wand of acid (13)
 j - a wand of charming (7)
 u - a wand of digging (4)
 A - a wand of roots (5)
 H - a wand of polymorph (3)
Scrolls
 i - 2 scrolls of revelation
 q - a scroll of brand weapon
 r - a scroll of torment {unknown}
 t - 2 scrolls of enchant weapon {unknown}
 y - 2 scrolls of teleportation
 C - a scroll of blinking
 F - a scroll of immolation {unknown}
 I - a scroll of fog {unknown}
 M - a scroll of vulnerability {unknown}
 N - a scroll of fear
 O - a scroll of identify
Potions
 a - a potion of ambrosia
 b - a potion of experience {unknown}
 c - a potion of cancellation
 d - 2 potions of attraction
 e - 10 potions of curing
 k - 2 potions of brilliance {unknown}
 l - 2 potions of lignification
 w - a potion of haste {unknown}
 x - a potion of resistance {unknown}
 z - 2 potions of degeneration {unknown}
 B - 2 potions of heal wounds {unknown}
 L - a potion of mutation {unknown}


   Skills:
 + Level 12.8 Fighting
 + Level 12.7 Axes
 + Level 12.5 Armour
 + Level 11.5 Dodging


You had 11 spell levels left.
You didn't know any spells.
Your spell library was empty.

Dungeon Overview and Level Annotations

Branches:
Dungeon (11/15)            Temple (0/1) D:7            Lair (0/5) D:9
    Orc (0/2) D:9

Altars:
Ashenzari
Dithmenos
Fedhas
Kikubaaqudgha
Makhleb
Okawaru
Sif Muna
Uskayaw
Vehumet
Yredelemnul

Shops:
D:4 =:


Innate Abilities, Weirdness & Mutations

You have a pair of horns on your head.
You reflexively headbutt those who attack you in melee.


Message History

You are exhausted.
You feel yourself slow down. The white ugly thing tail-slaps you!
The white ugly thing freezes you!!
You block the green ugly thing's attack.
The brown ugly thing claws you. The acid corrodes you!
You are splashed with acid.
You resist.
You closely miss the white ugly thing.
The white ugly thing is moderately wounded.
You barely miss the brown ugly thing.
You hit the green ugly thing but do no damage.
You block the white ugly thing's attack.
The green ugly thing gores you! The brown ugly thing barely misses you.
You furiously retaliate!
You headbutt the brown ugly thing, but do no damage.
The white ugly thing tail-slaps you but does no damage.
You barely miss the white ugly thing.
The white ugly thing is moderately wounded.
You hit the brown ugly thing but do no damage.
You barely miss the green ugly thing.
Your skin stops crawling.
You feel less strong-willed.
The green ugly thing completely misses you.
The brown ugly thing misses you. You furiously retaliate!
You headbutt the brown ugly thing. The white ugly thing barely misses you.
The green ugly thing closely misses you.
You furiously retaliate!
You headbutt the green ugly thing!
The brown ugly thing closely misses you.
You closely miss the white ugly thing. You headbutt the white ugly thing.
The white ugly thing is moderately wounded.
You slash the brown ugly thing! You slash the green ugly thing!
The white ugly thing tail-slaps you! The white ugly thing freezes you!!
* * * LOW HITPOINT WARNING * * *
The green ugly thing barely misses you. You furiously retaliate!
You headbutt the green ugly thing. The brown ugly thing claws you!
* * * LOW HITPOINT WARNING * * *
The acid corrodes you!
You are splashed with acid.
You resist.
* * * LOW HITPOINT WARNING * * *
The white ugly thing tail-slaps you.
* * * LOW HITPOINT WARNING * * *
The white ugly thing freezes you!!
You die...

#.# #........# #.# ######
#........# #.# ♣.♣♣ #........#
#.#
.♣.♣###########........######.#
♣♣♣.#.........................#
.♣.♣#..........<....#########.#
♣.♣♣#................# #.#
######......#.......## #.# ♣♣.♣
#......###u@†### #.# ♣.♣♣
#......#...uu..# #.#
♣♣.♣♣#......#.#...#.# #.#
♣♣..♣#...####..!#...#########.#
♣.♣♣.#.#.# #.#...#.#.........#
.♣♣♣.#.#.# ##§#.#§#####.####.#
.♣...#.#.# !#...#. #..# #.#
.♣...).#.# ##.###.# ♣♣.♣♣#.#.#
#...##.#


You could see 3 ugly things.

Vanquished Creatures
  Snorg (D:11)
  Fannar (D:10)
  4 two-headed ogres
  The ghost of magipi the Arsonist, a journeyman DEFE of Vehumet (D:10)
  Amaemon (D:10)
  A deep troll (D:11)
  2 ugly things (D:11)
  A manticore (D:11)
  An orange demon (D:10)
  2 unseen horrors (D:11)
  3 komodo dragons
  A queen bee (D:10)
  7 trolls
  Prince Ribbit (D:9)
  2 hornets
  2 wyverns
  16 yaks
  A vampire (D:11)
  A wraith (D:10)
  A human (D:5)
  3 acid dragons
  Edmund (D:4)
  Duvessa (D:7)
  A water moccasin (D:8)
  6 orc warriors
  2 black bears
  2 sky beasts
  2 ice beasts
  An ogre (D:7)
  2 centaurs
  A phantom (D:6)
  A kobold brigand (D:11)
  2 bullfrogs
  2 scorpions
  Dowan (D:7)
  27 wights
  A burial acolyte (D:8)
  18 killer bees
  3 bombardier beetles
  A gnoll bouda (D:4)
  2 jellies
  3 hounds
  2 orc priests
  Ijyb (D:4)
  Jessica (D:3)
  4 sleepcaps
  4 iguanas
  14 orc wizards
  8 gnolls
  6 adders
  2 shadow imps
  3 white imps
  2 ufetubi (D:5)
  2 adder zombies (D:8)
  6 dart slugs
  34 orcs
  5 bats
  9 endoplasms
  A giant cockroach (D:3)
  4 goblins
  9 hobgoblins
  6 jackals
  5 kobolds
  2 quokkas
  4 ball pythons
  A frilled lizard (D:1)
  2 jackal zombies (D:8)
  A rat (D:1)
271 creatures vanquished.

Notes
Turn   | Place    | Note
-------+----------+-------------------------------------------
     0 | D:1      | falawelle the Minotaur Berserker began the quest for the
                  | Orb.
     0 | D:1      | Reached XP level 1. HP: 19/19 MP: 0/0
   101 | D:1      | Reached XP level 2. HP: 19/27 MP: 1/1
   677 | D:1      | Reached XP level 3. HP: 29/33 MP: 2/2
  1155 | D:2      | Found a shadowy altar of Dithmenos.
  1577 | D:2      | Reached ** piety under Trog
  1648 | D:2      | Found a faded altar of an unknown god.
  2021 | D:3      | Reached XP level 4. HP: 34/41 MP: 3/3
  2479 | D:3      | Reached XP level 5. HP: 47/47 MP: 4/4
  3060 | D:3      | Found an iron altar of Okawaru.
  3155 | D:3      | Noticed Jessica
  3168 | D:3      | Killed Jessica
  3175 | D:3      | Found a shimmering blue altar of Sif Muna.
  3227 | D:3      | Reached skill level 5 in Fighting
  3348 | D:3      | Found a hide-covered altar of Uskayaw.
  3534 | D:4      | Reached skill level 5 in Axes
  3534 | D:4      | Reached XP level 6. HP: 23/56 MP: 5/5
  3904 | D:4      | Noticed Edmund
  3915 | D:4      | Killed Edmund
  4350 | D:4      | Noticed Ijyb
  4373 | D:4      | Killed Ijyb
  4400 | D:4      | Found Curetuff's Jewellery Shop.
  4474 | D:4      | Reached skill level 5 in Armour
  4474 | D:4      | Reached XP level 7. HP: 62/62 MP: 6/6
  4634 | D:4      | Found Uladgh's Book Emporium.
  4943 | D:5      | Entered Level 5 of the Dungeon
  5653 | D:5      | Found a blossoming altar of Fedhas.
  5883 | D:5      | Noticed a human
  5884 | D:5      | Found a runed translucent door.
  5888 | D:5      | Found a basalt altar of Yredelemnul.
  5908 | D:5      | Killed a human
  5972 | D:5      | Reached skill level 5 in Dodging
  6277 | D:6      | Found a broken altar of Ashenzari.
  6277 | D:6      | Noticed a two-headed ogre
  6284 | D:6      | Killed a two-headed ogre
  6285 | D:6      | Reached XP level 8. HP: 55/73 MP: 7/7
  6909 | D:6      | Found a burning altar of Makhleb.
  6984 | D:6      | Found a radiant altar of Vehumet.
  7234 | D:6      | Reached XP level 9. HP: 78/81 MP: 8/8
  7706 | D:7      | Found a staircase to the Ecumenical Temple.
  7706 | D:7      | Noticed Duvessa
  7706 | D:7      | Noticed Dowan
  7734 | D:7      | Killed Duvessa
  7790 | D:7      | Killed Dowan
  8661 | D:8      | Reached XP level 10. HP: 89/91 MP: 9/9
  8860 | D:8      | Found an ancient bone altar of Kikubaaqudgha.
  9639 | D:9      | Found a staircase to the Orcish Mines.
  9675 | D:9      | Reached skill level 10 in Fighting
  9710 | D:9      | Reached skill level 10 in Axes
 10015 | D:9      | Found a staircase to the Lair.
 10413 | D:9      | Noticed Prince Ribbit
 10429 | D:9      | Killed Prince Ribbit
 10503 | D:9      | Reached skill level 10 in Armour
 10819 | D:9      | Reached *** piety under Trog
 11254 | D:10     | Entered Level 10 of the Dungeon
 11268 | D:10     | Found a transporter.
 11268 | D:10     | Noticed magipi's ghost (journeyman DEFE)
 11406 | D:10     | Reached XP level 11. HP: 101/101 MP: 10/10
 11421 | D:10     | Found a transporter.
 11455 | D:10     | Killed magipi's ghost
 11661 | D:10     | Reached skill level 10 in Dodging
 11930 | D:10     | Noticed Fannar
 11953 | D:10     | Killed Fannar
 12093 | D:10     | Noticed Amaemon
 12114 | D:10     | Killed Amaemon
 12262 | D:10     | Found a shadowy altar of Dithmenos.
 12383 | D:10     | Noticed a two-headed ogre
 12388 | D:10     | Killed a two-headed ogre
 12510 | D:11     | Noticed a two-headed ogre
 12524 | D:11     | Killed a two-headed ogre
 12934 | D:11     | Identified the +5 rapier of Fesuodov {freeze, Will++ Dex+3}
 12994 | D:11     | Noticed Snorg
 13006 | D:11     | Killed Snorg
 13187 | D:11     | Found a runed translucent gate.
 13187 | D:11     | Found a runed translucent gate.
 13187 | D:11     | Found a runed translucent gate.
 13188 | D:11     | Noticed a green ugly thing
 13188 | D:11     | Noticed a brown ugly thing
 13188 | D:11     | Noticed a brown ugly thing
 13189 | D:11     | Noticed a brown ugly thing
 13190 | D:11     | Noticed a white ugly thing
 13208 | D:11     | Noticed a two-headed ogre
 13220 | D:11     | Killed a two-headed ogre
 13221 | D:11     | Reached XP level 12. HP: 76/113 MP: 11/11
 14284 | D:11     | Mangled by a white ugly thing

Illustrated notes

Levels and vault maps discovered:
D:1:      beargit_arrival_diablo_church, layout_basic
D:2:      layout_basic, hellmonk_ecumenical_altar_prayer_group, basic_altar,
          guppyfry_early_orc_mine
D:3:      layout_basic, nicolae_uskayaw_suspiria, lemuel_crystal_altar, tgw_sif
D:4:      layout_gridville, serial_shops, nicolae_shop_tiny_statue_garden,
          nicolae_shop_gaudy_bauble, uniq_edmund, uniq_ijyb
D:5:      layout_rooms, dk_yredelemnul_ordeal, mainiacjoe_overflow_catwalk,
          chequers_serial_rivers_small_a
D:6:      layout_cave_pods, lemuel_crystal_altar, mainiacjoe_overflow_paths,
          marbit_many_paths, dk_noncrumbling_2, eino_tiny_chamber
D:7:      layout_cave_pools, minmay_temple_entry_water_ring,
          serial_column_ruins, column_ruins_columns_corner,
          column_ruins_open_small, column_ruins_open_tiny,
          column_ruins_corridor_straight, minmay_a_box_with_orc_wizards_in_it,
          uniq_duvessa
D:8:      layout_basic, lemuel_zombie_altar_kikubaaqudgha
D:9:      layout_loops_cross, david_lair_shrubbed, orc_0_dummy,
          uniq_prince_ribbit1
D:10:     layout_stronghold, lemuel_tele_altar, gammafunk_ghost_hive,
          uniq_amaemon, uniq_fannar
D:11:     nzn_winding_woodlands_three_and_one [nzn_winding_woodlands_5x15_cabin,
          nzn_winding_woodlands_5x15_zeroes, nzn_winding_woodlands_5x15_crooked,
          nzn_winding_woodlands_center_diamonds], layout_small_grid,
          ploomutoo_gammafunk_ghost_potion_laboratory, nicolae_twisting_strands,
          chequers_avenue, corexii_checkpoint, uniq_snorg

Skill      XL: |  1  2  3  4  5  6  7  8  9 10 11 |
---------------+----------------------------------+-----
Fighting       | 4 5 7 9 10 12 | 12.8
Axes           | 4 5 7 9 10 12 | 12.7
Armour         | 3 4 5 6 7 9 10 12 | 12.5
Dodging        | 3 4 5 6 8 9 11 | 11.5

Action                     |  1- 3 |  4- 6 |  7- 9 | 10-12 || total
---------------------------+-------+-------+-------+-------++-------
  Melee: Hand axe          |    78 |   118 |   331 |   137 ||   664
         Headbutt          |    12 |    20 |    73 |   111 ||   216
         Punch             |     1 |       |       |       ||     1
         War axe           |       |       |       |   309 ||   309
  Throw: Throwing net      |       |       |     3 |     5 ||     8
 Invoke: Trog's Hand       |       |     7 |     8 |    19 ||    34
         Berserk           |       |     5 |     4 |     6 ||    15
    Use: Scroll            |     3 |     3 |     3 |     4 ||    13
   Stab: Sleeping          |     1 |       |       |       ||     1
         Held in net/web   |       |       |       |     1 ||     1
 Armour: Animal skin       |    35 |       |       |       ||    35
         Ring mail         |     3 |    49 |       |       ||    52
         Scale mail        |       |    41 |   221 |   303 ||   565
  Dodge: Dodged            |    42 |    48 |   108 |   295 ||   493
  Block: Kite shield       |     1 |    50 |   106 |   167 ||   324
